[Event "Titled Tuesday Blitz May 16 Early 2023"]
[White "Ramirez Vido, Robert Yorisan"]
[Black "Iskusnyh, Sergei"]
[WhiteFideId "3513823"]
[BlackFideId "4120027"]
[WhiteElo "2366"]
[BlackElo "2492"]
[Result "0-1"]
[Round "02"]
[TimeControl "180+2"]
[Date "2023.05.16"]
[WhiteClock "0:00:00"]
[BlackClock "0:00:14"]

1. f4 d5 2. Nf3 g6 3. g3 Bg7 4. Bg2 c6 5. d3 Nh6 6. O-O Qb6+ 7. d4 Nd7 8. c3 Nf6 9. a4 c5 10. a5 Qc7 11. Na3 Qxa5 12. Ne5 cxd4 13. Qxd4 Nf5 14. Qd3 O-O 15. Be3 Nxe3 16. Qxe3 a6 17. Nac4 Qc7 18. Nb6 Rb8 19. Nxd5 Nxd5 20. Bxd5 Bh3 21. Rfd1 e6 22. Bf3 Rfd8 23. g4 Bxe5 24. fxe5 Qe7 25. Rd3 Qh4 26. Qf4 h5 27. Qf6 Qxf6 28. exf6 hxg4 29. Be4 Rxd3 30. exd3 Kf8 31. Kf2 Ke8 0-1


[Site "https://www.chess.com"]

[Event "Titled Tuesday Blitz May 16 Early 2023"]
[White "Sadykov, Ramil"]
[Black "Gutkin, Ilya"]
[WhiteFideId "24113590"]
[BlackFideId "16203470"]
[WhiteElo "2245"]
[BlackElo "2265"]
[Result "0-1"]
[Round "02"]
[TimeControl "180+2"]
[Date "2023.05.16"]
[WhiteClock "0:00:00"]
[BlackClock "0:00:13"]

1. d4 e6 2. Bf4 c5 3. e3 Nf6 4. Nc3 cxd4 5. exd4 d6 6. Bd3 Be7 7. Nf3 O-O 8. Ne4 h6 9. c3 b6 10. Nxf6+ Bxf6 11. Qe2 Bb7 12. O-O-O Qc7 13. Kb1 Nd7 14. h4 e5 15. Bg5 e4 16. Bxe4 Rfe8 17. d5 Nc5 18. Nd2 Bxd5 19. f3 hxg5 20. hxg5 Bxg5 21. f4 Nxe4 22. Qh5 Bh6 23. Nf3 Nf6 24. Qh4 Bxf3 25. gxf3 Qc4 26. Rdg1 Kf8 27. Rg4 Re2 0-1


[Site "https://www.chess.com"]

[Event "Titled Tuesday Blitz May 16 Early 2023"]
[White "Piesik, Piotr"]
[Black "littlepillow2010"]
[WhiteFideId "1136194"]
[WhiteElo "2299"]
[BlackElo "2366"]
[Result "1-0"]
[Round "02"]
[TimeControl "180+2"]
[Date "2023.05.16"]
[WhiteClock "0:01:02"]
[BlackClock "0:00:02"]

1. Nf3 d5 2. g3 Nf6 3. Bg2 c5 4. O-O Nc6 5. d3 e6 6. Nbd2 Be7 7. e4 O-O 8. Re1 b6 9. e5 Nd7 10. c3 Bb7 11. Nf1 d4 12. c4 Qc7 13. Bf4 a6 14. h4 b5 15. h5 bxc4 16. dxc4 a5 17. h6 g6 18. N1h2 a4 19. Ng4 Kh8 20. Qd2 Na5 21. Rac1 Ba6 22. Bg5 Bxg5 23. Qxg5 Qd8 24. Qf4 Rb8 25. Ng5 Qe7 26. Ne4 Rxb2 27. Nd6 Rxa2 28. Rb1 Nb3 29. Bc6 Nb8 30. Bxa4 Rxa4 31. Rxb3 Nd7 32. Reb1 Bxc4 33. Rb7 Bd5 34. Rxd7 g5 35. Qd2 Qxd7 36. Qxg5 Qd8 37. Qg7# 1-0


[Site "https://www.chess.com"]

[Event "Titled Tuesday Blitz May 16 Early 2023"]
[White "Bogaudinov, Rushan"]
[Black "Mortazavi, Ali"]
[WhiteFideId "4129288"]
[BlackFideId "401323"]
[WhiteElo "1941"]
[BlackElo "2339"]
[Result "1-0"]
[Round "02"]
[TimeControl "180+2"]
[Date "2023.05.16"]
[WhiteClock "0:00:10"]
[BlackClock "0:00:00"]

1. d4 Nf6 2. c4 g6 3. g3 Bg7 4. Bg2 O-O 5. Nc3 d6 6. Nf3 Nbd7 7. Bf4 Nh5 8. Be3 e5 9. O-O Re8 10. dxe5 dxe5 11. c5 a5 12. Qb3 h6 13. Rfd1 Nhf6 14. Rd2 Ng4 15. Rad1 Nxe3 16. fxe3 e4 17. Nh4 Qg5 18. Nxe4 Nxc5 19. Nxc5 Qxc5 20. Nxg6 Be6 21. Bd5 Bxd5 22. Rxd5 Qxe3+ 23. Qxe3 Rxe3 24. Nf4 Bxb2 25. Rb1 Be5 26. Kf2 Re4 27. Kf3 f5 28. Rxb7 Re8 29. Rbb5 Bxf4 30. gxf4 Re3+ 31. Kf2 Rxe2+ 32. Kf1 Rxa2 33. Rxa5 Rxh2 34. Rxf5 Rb8 35. Rab5 Ra8 36. Ra5 Rd8 37. Rfd5 Rf8 38. Kg1 Rh4 39. f5 Rg4+ 40. Kf2 h5 41. Kf3 Rg1 42. Kf2 Rg5 43. Kf3 h4 44. Kf4 Rh5 45. Rd2 h3 46. Rh2 Rf7 47. Kg4 Rh6 48. Ra8+ Kh7 49. Ra3 Rg7+ 50. Kf4 Rh4+ 51. Ke5 Re7+ 52. Kf6 Re8 53. Raxh3 Rxh3 54. Rxh3+ Kg8 55. Rg3+ Kh8 56. Rg7 Rc8 57. Rg4 c5 58. Kf7 Rc7+ 59. Ke6 c4 60. f6 1-0


[Site "https://www.chess.com"]

[Event "Titled Tuesday Blitz May 16 Early 2023"]
[White "Asavasaetakul, Chawit"]
[Black "Weber, Samuel"]
[WhiteFideId "6204856"]
[BlackFideId "12924008"]
[WhiteElo "1919"]
[BlackElo "2162"]
[Result "1-0"]
[Round "02"]
[TimeControl "180+2"]
[Date "2023.05.16"]
[WhiteClock "0:00:45"]
[BlackClock "0:00:00"]

1. e4 c5 2. c3 d5 3. exd5 Qxd5 4. d4 Nf6 5. Nf3 e6 6. Bd3 Nc6 7. O-O cxd4 8. cxd4 Qd8 9. Nc3 Be7 10. Qe2 O-O 11. Rd1 Nb4 12. Bc4 Nbd5 13. Bg5 h6 14. Bh4 Nxc3 15. bxc3 Bd7 16. Ne5 Rc8 17. Rac1 Qc7 18. Bb3 Rfd8 19. c4 Be8 20. h3 b5 21. c5 a5 22. a3 Nd5 23. Bg3 Qa7 24. Qf3 a4 25. Ba2 b4 26. Bxd5 Rxd5 27. axb4 Rcd8 28. Qc3 Bb5 29. Nc4 Bf6 30. Nd6 Qa6 31. Be5 Bg5 32. Ra1 Be7 33. Nxb5 Qxb5 34. Bf4 f6 35. Be3 Ra8 36. Rdc1 f5 37. Qc4 Qb8 38. b5 f4 39. Bd2 f3 40. gxf3 Qf8 41. Kg2 Bg5 42. Be3 Bxe3 43. fxe3 Rg5+ 44. Kf2 Rf5 45. Qxe6+ Kh8 46. f4 Re8 47. Qd6 1-0


[Site "https://www.chess.com"]

[Event "Titled Tuesday Blitz May 16 Early 2023"]
[White "Hinds, Nathan"]
[Black "Sharapov, Evgeny"]
[WhiteFideId "7400730"]
[BlackFideId "14103133"]
[WhiteElo "2001"]
[BlackElo "2367"]
[Result "1/2-1/2"]
[Round "02"]
[TimeControl "180+2"]
[Date "2023.05.16"]
[WhiteClock "0:00:11"]
[BlackClock "0:00:27"]

1. Nf3 c5 2. d4 cxd4 3. Nxd4 d5 4. Nf3 Nc6 5. c4 Nf6 6. cxd5 Qxd5 7. Nc3 Qxd1+ 8. Nxd1 Nb4 9. Nd4 e5 10. a3 exd4 11. axb4 Bxb4+ 12. Bd2 Bxd2+ 13. Kxd2 O-O 14. g3 Bf5 15. Bg2 Be4 16. Bxe4 Nxe4+ 17. Ke1 Rfc8 18. f3 Nd6 19. Nf2 Nc4 20. Nd3 Ne3 21. Kf2 Rc2 22. Rhc1 Kf8 23. Rxc2 Nxc2 24. Rc1 Ne3 25. Rc7 b6 26. Rd7 Nc2 27. Ne1 Ke8 28. Rd5 Nxe1 29. Kxe1 Rd8 30. Re5+ Kd7 31. Kd2 Kd6 32. Re4 Kc6 33. Kd3 Rd7 34. Rxd4 Rxd4+ 35. Kxd4 a5 36. e4 f6 37. f4 h5 38. h3 a4 39. g4 h4 40. Kc4 g5 41. fxg5 fxg5 42. Kb4 1/2-1/2


[Site "https://www.chess.com"]

[Event "Titled Tuesday Blitz May 16 Early 2023"]
[White "Weishaeutel, Moritz"]
[Black "Topalov, Aleksandar"]
[WhiteFideId "12967300"]
[BlackFideId "925659"]
[WhiteElo "2301"]
[BlackElo "2151"]
[Result "1-0"]
[Round "02"]
[TimeControl "180+2"]
[Date "2023.05.16"]
[WhiteClock "0:00:10"]
[BlackClock "0:00:08"]

1. e4 e6 2. d4 d5 3. exd5 exd5 4. Nf3 Bf5 5. Bd3 Bxd3 6. Qxd3 c6 7. O-O Bd6 8. Re1+ Ne7 9. Bg5 O-O 10. c4 f6 11. Bh4 Ng6 12. cxd5 cxd5 13. Bg3 Nc6 14. Qb3 Bxg3 15. hxg3 Qd7 16. Nc3 Rad8 17. Re3 Na5 18. Qb4 Nc4 19. Re2 Rfe8 20. Rae1 Rxe2 21. Rxe2 a6 22. Nh4 a5 23. Qb3 Kf7 24. Nxg6 hxg6 25. Rc2 Rc8 26. Na4 b5 27. Nc5 Qe8 28. Rc1 b4 29. Qf3 Rd8 30. b3 Nd2 31. Qd3 Ne4 32. Re1 f5 33. f3 Nxg3 34. Rxe8 Rxe8 35. Qb5 f4 36. Qd7+ Re7 37. Qxd5+ Ke8 38. Qg8# 1-0


[Site "https://www.chess.com"]

[Event "Titled Tuesday Blitz May 16 Early 2023"]
[White "SashaKuzhilniy"]
[Black "Yanayt, Eugene"]
[BlackFideId "2020165"]
[WhiteElo "2575"]
[BlackElo "2083"]
[Result "1-0"]
[Round "02"]
[TimeControl "180+2"]
[Date "2023.05.16"]
[WhiteClock "0:00:18"]
[BlackClock "0:00:19"]

1. b3 e5 2. Bb2 d6 3. c4 Nc6 4. e3 g6 5. Be2 Bg7 6. d4 Nge7 7. Nf3 O-O 8. dxe5 Nxe5 9. Nxe5 dxe5 10. Qxd8 Rxd8 11. Nc3 c6 12. Rd1 Bf5 13. O-O Kf8 14. Na4 b6 15. Ba3 Ke8 16. Rxd8+ Rxd8 17. Rd1 Rxd1+ 18. Bxd1 Kd7 19. Kf1 Nc8 20. Ke1 Nd6 21. c5 Nc8 22. Kd2 Kc7 23. f3 Be6 24. e4 Bh6+ 25. Ke2 Bf4 26. g3 Bg5 27. Bc2 Bd8 28. Bd3 Kb7 29. Bb2 f6 30. Bc3 Be7 31. Bb4 a5 32. Bd2 b5 33. Nb2 Bxc5 34. Bxa5 Nd6 35. Bd2 Bd4 36. Nd1 c5 37. Ne3 c4 38. Bc2 Kc6 39. Bb4 Nc8 40. h4 Bc5 41. Be1 Nd6 42. Bd2 Bd4 43. Bb4 Bc5 44. Ba5 Bb6 45. Be1 Bd4 46. Kd2 c3+ 47. Ke2 Nb7 48. a3 Na5 49. b4 Nc4 50. Nxc4 Bxc4+ 51. Kd1 Bf1 52. Bb3 Bd3 53. Bc2 Bc4 54. Kc1 Kd6 55. Bd1 Bd3 56. Bc2 Bc4 57. Bb1 Ke6 58. Kc2 f5 59. exf5+ gxf5 60. Bxc3 Bf2 61. g4 fxg4 62. fxg4 Bxh4 63. Kd2 Bg5+ 64. Ke1 Kd5 65. Bxh7 e4 66. Bg8+ Kd6 67. Bxc4 bxc4 68. a4 Kc6 69. Ke2 Bf4 70. Bd4 Kb7 71. b5 Kc7 72. a5 Kb7 73. a6+ Ka8 74. b6 Bd6 75. b7+ Kb8 76. Ke3 c3 77. Bxc3 Ka7 78. Kxe4 Kxa6 79. Be5 Bxe5 80. Kxe5 Kxb7 81. g5 Kc7 82. Ke6 Kd8 83. Kf7 Kd7 84. g6 Kd6 85. g7 Ke5 86. g8=Q 1-0


[Site "https://www.chess.com"]

[Event "Titled Tuesday Blitz May 16 Early 2023"]
[White "Berezin, Viktor"]
[Black "Matveeva, Olga"]
[WhiteFideId "14107872"]
[BlackFideId "24107018"]
[WhiteElo "2310"]
[BlackElo "2009"]
[Result "0-1"]
[Round "02"]
[TimeControl "180+2"]
[Date "2023.05.16"]
[WhiteClock "0:00:08"]
[BlackClock "0:00:44"]

1. d4 Nf6 2. Nf3 g6 3. g3 Bg7 4. Bg2 O-O 5. O-O d5 6. a4 c6 7. a5 Bf5 8. Nc3 Nbd7 9. a6 b6 10. Bf4 Be4 11. Nxe4 Nxe4 12. c3 Re8 13. Nd2 Nxd2 14. Qxd2 e5 15. dxe5 Nxe5 16. Bxe5 Bxe5 17. Rad1 Qc7 18. h4 h5 19. Qg5 Rad8 20. e4 dxe4 21. Bxe4 Bg7 22. Bb1 c5 23. Rfe1 Rxd1 24. Rxd1 Qc6 25. Bd3 Qf3 26. Qc1 Rd8 27. Be2 Rxd1+ 28. Qxd1 Qe4 29. Bf3 Qe7 30. Kg2 Kh7 31. Qd5 Bf6 32. Qd3 Kg7 33. Qd5 Qe5 34. Qb7 Qe7 35. Qc6 Qe5 36. Bd5 Qe7 37. Bc4 Be5 38. Qd5 Bd6 39. Ba2 Be5 40. Bb3 Bd6 41. Kf3 Qf6+ 42. Kg2 Qe7 43. Bc4 Be5 44. Qe4 Bd6 45. Qd3 Be5 46. Bd5 Bd6 47. Bb7 Qe6 48. Qf3 Qf6 49. Qc6 Be5 50. Bc8 Qxc6+ 0-1


[Site "https://www.chess.com"]

[Event "Titled Tuesday Blitz May 16 Early 2023"]
[White "Filgueira, Hernan"]
[Black "Barbot, Pierre"]
[WhiteFideId "101770"]
[BlackFideId "663727"]
[WhiteElo "2363"]
[BlackElo "2431"]
[Result "1-0"]
[Round "02"]
[TimeControl "180+2"]
[Date "2023.05.16"]
[WhiteClock "0:00:16"]
[BlackClock "0:00:00"]

1. c4 Nf6 2. Nc3 e5 3. Nf3 Nc6 4. a3 d5 5. cxd5 Nxd5 6. Qc2 Be6 7. e3 a6 8. b4 Be7 9. Bb2 O-O 10. Be2 Kh8 11. d3 f5 12. O-O f4 13. Nxd5 Qxd5 14. Rad1 Bf6 15. Nd2 Rad8 16. Ne4 Be7 17. Bf3 Qd7 18. Nc5 Bxc5 19. Qxc5 Bf5 20. Bxc6 Qxc6 21. Qxe5 Qg6 22. exf4 Rfe8 23. Qxc7 Rd7 24. Qc3 Bh3 25. g3 Bxf1 26. Kxf1 Qh5 27. Re1 Red8 28. Kg2 Qd5+ 29. Kg1 Qxd3 30. Qxd3 Rxd3 31. Re7 R3d7 32. Re6 Kg8 33. Be5 Kf7 34. Rb6 Rc8 35. b5 axb5 36. Rxb5 Ra8 37. Rb3 g6 38. Kg2 Ke6 39. g4 Kd5 40. Kf3 Kc6 41. f5 gxf5 42. gxf5 Rd5 43. Re3 Rda5 44. Bb2 Rxf5+ 45. Ke2 Rh5 46. h3 Rg8 47. Re6+ Kd7 48. Re3 b5 49. Bc3 Kc6 50. Bb4 Kd5 51. Rd3+ Kc4 52. Rc3+ Kd4 53. Re3 Kd5 54. Rd3+ Ke6 55. Rd6+ Kf7 56. Rd3 Re5+ 57. Kf1 Kg6 58. Bc3 Re6 59. Rf3 Kh5 60. Bb4 Rg5 61. Rf7 h6 62. Bd2 Rge5 63. Be3 Rd5 64. Kg2 Rd3 65. Rf5+ Kg6 66. Rxb5 Rxa3 67. Kf3 Rf6+ 68. Ke2 Re6 69. h4 Ra4 70. h5+ Kf7 71. Rb7+ Kg8 72. Kf3 Rf6+ 73. Ke2 Re6 74. Rc7 Rf6 75. Rd7 Ra5 76. Bd4 Re6+ 77. Kf3 Rxh5 78. Rg7+ Kf8 79. Rd7 Rf5+ 80. Kg2 Rg6+ 81. Kf1 h5 82. Be3 Kg8 83. Rd8+ Kh7 84. Rd7+ Rg7 85. Rd6 Kg8 86. Bd4 Rgf7 87. Rg6+ Kf8 88. Rh6 Ke8 89. Be3 Kd7 90. Ke2 Re7 91. Kd3 Re6 92. Rh7+ Kc6 93. Bd4 Kd5 94. Rd7+ Rd6 95. Rh7 Rg6 96. Be3 Ke6 97. Ke2 Kf6 98. Rb7 Ke6 99. f4 Rd5 100. Kf3 Kf5 101. Rf7+ Ke6 102. Rh7 Ra5 103. Ke4 Ra4+ 104. Bd4 Rb4 105. f5+ Kd6 106. fxg6 Ke6 107. g7 Kf7 108. Rh8 1-0


[Site "https://www.chess.com"]

[Event "Titled Tuesday Blitz May 16 Early 2023"]
[White "Tologon tegin, Semetei"]
[Black "Roberz12"]
[WhiteFideId "13800574"]
[WhiteElo "2247"]
[BlackElo "2350"]
[Result "1-0"]
[Round "02"]
[TimeControl "180+2"]
[Date "2023.05.16"]
[WhiteClock "0:00:17"]
[BlackClock "0:00:04"]

1. d4 d5 2. Nc3 Nf6 3. Bf4 c6 4. e3 Bf5 5. f3 e6 6. g4 Bg6 7. h4 h6 8. h5 Bh7 9. Bd3 Bd6 10. Bxh7 Bxf4 11. exf4 Nxh7 12. Nge2 Nd7 13. Qd3 Qb6 14. O-O-O O-O-O 15. Kb1 Nhf6 16. Nc1 Ne8 17. b3 Nd6 18. Ka1 Qa5 19. Qe3 Nb6 20. N3e2 Qa3 21. Nd3 Kc7 22. Nc5 Nd7 23. c3 Rhe8 24. Nc1 Kc8 25. N1d3 b6 26. Nxd7 Rxd7 27. Rc1 Qa6 28. Kb2 Qb5 29. Nb4 Kb7 30. a4 Qxa4 31. Ra1 Qb5 32. Ra6 c5 33. dxc5 bxc5 34. Rha1 Ra8 35. Kc2 d4 36. Qe5 d3+ 37. Nxd3 Kc8 38. Nxc5 Rd8 39. Rxd6 Rxd6 40. Qxd6 Qe2+ 41. Qd2 Qxf3 42. Qd7+ Kb8 43. Qd8# 1-0


[Site "https://www.chess.com"]

[Event "Titled Tuesday Blitz May 16 Early 2023"]
[White "Gontcharov, Vladislav"]
[Black "Karthik Sai Ch"]
[WhiteFideId "4123492"]
[BlackFideId "46649484"]
[WhiteElo "2420"]
[BlackElo "2003"]
[Result "1-0"]
[Round "02"]
[TimeControl "180+2"]
[Date "2023.05.16"]
[WhiteClock "0:01:20"]
[BlackClock "0:01:08"]

1. d4 Nf6 2. c4 c6 3. Nc3 d5 4. Nf3 a6 5. cxd5 cxd5 6. Bf4 Nc6 7. e3 Bf5 8. Rc1 e6 9. Qb3 Na5 10. Qa4+ Nc6 11. Ne5 Ra7 12. Nxc6 bxc6 13. Qxc6+ Rd7 14. Bxa6 Bb4 15. Bb5 Ke7 16. Qa6 Ne4 17. Bxd7 Qxd7 18. O-O Nd2 19. Rfd1 Nc4 20. a3 Bc5 21. dxc5 1-0


[Site "https://www.chess.com"]

[Event "Titled Tuesday Blitz May 16 Early 2023"]
[White "Dishman, Stephen"]
[Black "Kamalidenova, Meruert"]
[WhiteFideId "403024"]
[BlackFideId "13712802"]
[WhiteElo "2204"]
[BlackElo "2361"]
[Result "0-1"]
[Round "02"]
[TimeControl "180+2"]
[Date "2023.05.16"]
[WhiteClock "0:00:02"]
[BlackClock "0:00:45"]

1. c4 Nf6 2. g3 g6 3. Bg2 Bg7 4. Nc3 O-O 5. Nf3 d6 6. d3 e5 7. O-O c6 8. Rb1 a5 9. a3 Be6 10. b4 axb4 11. axb4 Nbd7 12. b5 h6 13. bxc6 bxc6 14. Nd2 d5 15. cxd5 cxd5 16. Nb5 Nb6 17. Ba3 Re8 18. Qb3 Na4 19. Nd6 Re7 20. Nb7 Rxb7 21. Qxb7 Nc3 22. Be7 Qe8 23. Bxf6 Bxf6 24. Rbe1 Ra2 25. Qb4 e4 26. d4 Rxd2 27. Qxc3 Ra2 28. e3 Be7 29. Rb1 Qa4 30. Qb3 Qa6 31. Qb5 Qa3 32. Qe8+ Kg7 33. Rb8 Bf8 34. Rfb1 h5 35. h4 Rc2 36. Bf1 Qd6 37. R1b6 Qa3 38. Ra8 Qe7 39. Qxe7 Bxe7 40. Re8 Ba3 41. Rexe6 fxe6 42. Rxe6 Bb4 43. Re5 Be1 44. Rxd5 Bxf2+ 45. Kh1 Bxe3 46. Re5 Bxd4 47. Rxe4 Bf2 48. Kg2 Be1+ 49. Kh3 Bf2 50. Bg2 Rc3 51. Re7+ Kf6 52. Rb7 Bxg3 53. Rb6+ Kf5 54. Rb5+ Be5+ 55. Bf3 Rxf3+ 56. Kg2 Rg3+ 57. Kf2 Rg4 0-1


[Site "https://www.chess.com"]

[Event "Titled Tuesday Blitz May 16 Early 2023"]
[White "Thecourseoisildur"]
[Black "drdaro"]
[WhiteElo "2547"]
[BlackElo "2341"]
[Result "1-0"]
[Round "02"]
[TimeControl "180+2"]
[Date "2023.05.16"]
[WhiteClock "0:01:51"]
[BlackClock "0:01:42"]

1. e4 c5 2. Nf3 g6 3. d4 Bh6 4. Bxh6 Nxh6 5. dxc5 O-O 6. h3 f5 7. Bc4+ e6 8. e5 Qa5+ 9. Qd2 Qxc5 10. Qxh6 Qxc4 11. Ng5 Qb4+ 12. Nc3 Qe7 13. O-O-O Nc6 14. f4 a6 15. Rd6 b5 16. Rhd1 Rd8 17. Rxc6 1-0


[Site "https://www.chess.com"]

[Event "Titled Tuesday Blitz May 16 Early 2023"]
[White "Ansh M Shah"]
[Black "brm72"]
[WhiteFideId "25033379"]
[WhiteElo "2084"]
[BlackElo "2544"]
[Result "1/2-1/2"]
[Round "02"]
[TimeControl "180+2"]
[Date "2023.05.16"]
[WhiteClock "0:00:22"]
[BlackClock "0:00:26"]

1. d4 Nf6 2. c4 e6 3. g3 d5 4. Bg2 Be7 5. Nf3 O-O 6. O-O dxc4 7. Qc2 a6 8. a4 Bd7 9. Qxc4 Bc6 10. Bg5 Nbd7 11. Nc3 Nb6 12. Qd3 h6 13. Bxf6 Bxf6 14. Rfd1 a5 15. b3 Nd5 16. Nxd5 Bxd5 17. Ne5 Bxg2 18. Kxg2 c5 19. Nf3 cxd4 20. Nxd4 Qb6 21. e3 Rfd8 22. Qb5 Bxd4 23. Rxd4 Qxb5 24. axb5 Rxd4 25. exd4 b6 26. Rc1 Rd8 27. Rc6 Rxd4 28. Rxb6 Rb4 29. Rb8+ Kh7 30. b6 Rxb3 31. Ra8 Rxb6 32. Rxa5 g5 33. Ra3 Kg6 34. Rf3 f5 35. h3 e5 36. Re3 e4 37. Rc3 Kf6 38. Rc8 Rd6 39. Rh8 Ke5 40. Re8+ Kd4 41. Rf8 Ke5 42. Re8+ Re6 43. Rf8 f4 44. g4 Rd6 45. h4 gxh4 46. Rf5+ Kd4 47. Rxf4 Kd3 48. Rf5 Rg6 49. Kh3 e3 50. fxe3 Kxe3 51. Kxh4 Ke4 52. Kh5 Ra6 53. Rf8 Ke5 54. Rh8 Kf4 55. Rf8+ Ke5 56. Rf5+ Ke4 57. Rf8 Ke5 1/2-1/2


[Site "https://www.chess.com"]

[Event "Titled Tuesday Blitz May 16 Early 2023"]
[White "Guerra Tulcan, Lenin"]
[Black "Korpics, Zsolt"]
[WhiteFideId "3601382"]
[BlackFideId "705241"]
[WhiteElo "2368"]
[BlackElo "2336"]
[Result "1-0"]
[Round "02"]
[TimeControl "180+2"]
[Date "2023.05.16"]
[WhiteClock "0:01:13"]
[BlackClock "0:00:06"]

1. e4 c5 2. Nf3 e6 3. b4 b6 4. bxc5 bxc5 5. Bb2 Bb7 6. d3 Nc6 7. Be2 d6 8. O-O Nf6 9. Nbd2 Be7 10. Rb1 Qc7 11. Nc4 d5 12. exd5 exd5 13. Ne3 O-O 14. Nf5 Rfe8 15. Qd2 d4 16. Rfe1 Nd5 17. Bf1 Bf6 18. Ng3 Ne5 19. Nxe5 Bxe5 20. Qg5 h6 21. Qg4 Nf6 22. Qh4 Bf4 23. Nf5 Bg5 24. Qg3 Qd7 25. Nd6 Rxe1 26. Rxe1 Nh5 27. Qe5 Bf4 28. Qxh5 Bxd6 29. Ba3 Re8 30. Rxe8+ Qxe8 31. Qf5 Bc8 32. Qd5 Qe6 33. Qa8 Kh7 34. Qxa7 Qxa2 35. Bxc5 Qxa7 36. Bxa7 Be5 37. g3 Bd7 38. f4 Bf6 39. Be2 Ba4 40. Bd1 Kg6 41. Kf2 Kf5 42. h3 Ke6 43. Ke2 Kd5 44. Kd2 Be7 45. Bf3+ Ke6 46. Bxd4 Bf6 47. Bxf6 Kxf6 48. c4 Ke6 49. d4 Kd6 50. c5+ Kd7 51. d5 Bb5 52. Kc3 Ba6 53. Kd4 Bc8 54. Bg4+ Kd8 55. Bxc8 Kxc8 56. d6 Kd7 57. Kd5 f6 58. c6+ Kd8 59. Ke6 Kc8 60. d7+ Kd8 61. Kd6 f5 62. c7# 1-0


[Site "https://www.chess.com"]

[Event "Titled Tuesday Blitz May 16 Early 2023"]
[White "Buchenau, Frank"]
[Black "Principe, Gerson"]
[WhiteFideId "4604350"]
[BlackFideId "3804550"]
[WhiteElo "2157"]
[BlackElo "2229"]
[Result "0-1"]
[Round "02"]
[TimeControl "180+2"]
[Date "2023.05.16"]
[WhiteClock "0:00:00"]
[BlackClock "0:00:08"]

1. e4 c5 2. Nf3 e6 3. d4 cxd4 4. Nxd4 Bc5 5. Nb3 Bb6 6. Bd3 Ne7 7. O-O O-O 8. c4 d5 9. Nc3 d4 10. Na4 Bc7 11. f4 e5 12. f5 f6 13. c5 Bd7 14. Nd2 Na6 15. a3 Qe8 16. Bc2 b6 17. cxb6 axb6 18. b4 b5 19. Nc5 Nxc5 20. bxc5 Nc6 21. Bd3 Na5 22. Qc2 Qe7 23. Nb3 Rfc8 24. Bd2 Nxb3 25. Qxb3+ Qf7 26. Qxf7+ Kxf7 27. Rfb1 Ba5 28. Bb4 Bc6 29. Kf2 Ke8 30. Ke2 Kd7 31. g4 h6 32. h4 Bd8 33. Rg1 Be7 34. Rac1 Ra7 35. Kd2 Rca8 36. Ke2 Ra4 37. Kd2 Bd8 38. Kc2 Ba5 39. Rb1 Bxb4 40. axb4 Ra3 41. Rb3 Ra2+ 42. Rb2 Ra1 43. Rxa1 Rxa1 44. Rb1 Ra3 45. Rb3 Ra4 46. Rb2 Kc7 47. Kb3 Be8 48. Rb1 Bf7+ 49. Kc2 Kc6 50. Rb2 Ra3 51. Rb1 Rc3+ 52. Kd2 Bc4 53. Bxc4 Rxc4 54. g5 hxg5 55. hxg5 fxg5 56. Rg1 Rxb4 57. Rxg5 Kxc5 58. Rxg7 Rb2+ 59. Kd3 Rb3+ 60. Kd2 Re3 61. f6 Rxe4 62. Rc7+ Kb4 63. f7 Rf4 0-1


[Site "https://www.chess.com"]

[Event "Titled Tuesday Blitz May 16 Early 2023"]
[White "Mike24147"]
[Black "Reprintsev, Alexander"]
[BlackFideId "14100541"]
[WhiteElo "2330"]
[BlackElo "2218"]
[Result "0-1"]
[Round "02"]
[TimeControl "180+2"]
[Date "2023.05.16"]
[WhiteClock "0:00:00"]
[BlackClock "0:00:07"]

1. c4 e5 2. Nc3 Bb4 3. Nd5 Be7 4. d4 exd4 5. Qxd4 Nf6 6. Nxe7 Qxe7 7. Nf3 Nc6 8. Qe3 d6 9. Qxe7+ Kxe7 10. Bg5 h6 11. Bh4 g5 12. Bg3 Ne4 13. Nd2 Nxg3 14. hxg3 f5 15. a3 Be6 16. e3 a5 17. O-O-O Ne5 18. f3 h5 19. Kc2 h4 20. gxh4 Rxh4 21. Rxh4 gxh4 22. Kc3 Rg8 23. Nb3 h3 24. gxh3 Nxf3 25. Nxa5 Bc8 26. Nb3 c5 27. Nc1 Nh2 28. Ne2 Be6 29. Nf4 Rg3 30. Kd3 Bf7 31. Be2 Nf3 32. Bxf3 Rxf3 33. b4 b6 34. bxc5 dxc5 35. Rb1 Rf2 36. Rxb6 Ra2 37. Ra6 Rb2 38. Nd5+ Kd8 39. Ra8+ Kd7 40. Ra7+ Ke8 41. Nf6+ Kf8 42. a4 Rb3+ 43. Ke2 Bxc4+ 44. Kf3 Ra3 45. Nd7+ Ke7 46. Nxc5+ Kd6 47. Nb7+ Ke5 48. Nd8 Bd5+ 49. Kf2 Ra2+ 50. Kg3 Rg2+ 51. Kh4 Ke4 52. Re7+ Kf3 53. Rf7 Bxf7 54. Nxf7 Kxe3 55. Ng5 f4 56. Ne6 Ra2 57. Kg5 Rxa4 58. Nxf4 Ra5+ 59. Kg4 Ra4 60. h4 Rxf4+ 61. Kg5 Ke4 62. h5 Rf1 63. h6 Ke5 64. Kg6 Rg1+ 65. Kf7 Rf1+ 66. Kg7 Ke6 67. h7 Ke7 68. h8=Q Rg1+ 69. Kh7 Kf7 70. Qd8 Rh1+ 0-1


[Site "https://www.chess.com"]

[Event "Titled Tuesday Blitz May 16 Early 2023"]
[White "Fajdetic, Hrvoje"]
[Black "surrenderPLS"]
[WhiteFideId "14501945"]
[WhiteElo "2185"]
[BlackElo "2532"]
[Result "0-1"]
[Round "02"]
[TimeControl "180+2"]
[Date "2023.05.16"]
[WhiteClock "0:00:07"]
[BlackClock "0:01:27"]

1. d4 Nf6 2. Bf4 d5 3. e3 c5 4. Nc3 e6 5. Nb5 Na6 6. c3 Be7 7. a4 O-O 8. Nf3 Nh5 9. Be5 f6 10. Bg3 Nxg3 11. hxg3 Nc7 12. Bd3 g6 13. Qc2 Kg7 14. Nxc7 Qxc7 15. Rh2 cxd4 16. exd4 e5 17. Be2 e4 18. Nd2 e3 19. Nf3 exf2+ 20. Kxf2 Bd6 21. Rh3 Bxh3 22. gxh3 Bxg3+ 23. Kg2 Rae8 24. Bd3 Qf4 25. Rf1 Bh4 26. Nh2 Qg3+ 27. Kh1 Qxh3 28. Rf3 Re1+ 29. Bf1 Qxf3+ 30. Nxf3 Rxf1+ 31. Kg2 Rf2+ 32. Qxf2 Bxf2 33. Kxf2 h5 34. Kg3 g5 35. Nd2 Kg6 36. Nb3 b6 37. a5 f5 38. axb6 f4+ 39. Kf2 axb6 40. Nc1 g4 41. Nd3 g3+ 42. Kf3 Kg5 43. Ne5 Rf5 44. Nc6 h4 45. Ne7 h3 46. b3 g2 47. Kf2 f3 48. Nxf5 Kxf5 49. c4 dxc4 50. bxc4 h2 51. c5 g1=Q+ 52. Kxf3 h1=Q+ 0-1


[Site "https://www.chess.com"]

[Event "Titled Tuesday Blitz May 16 Early 2023"]
[White "Omelja, Artem"]
[Black "Prieto Aranguren, Alain"]
[WhiteFideId "14119846"]
[BlackFideId "2268906"]
[WhiteElo "2404"]
[BlackElo "2209"]
[Result "1-0"]
[Round "02"]
[TimeControl "180+2"]
[Date "2023.05.16"]
[WhiteClock "0:00:07"]
[BlackClock "0:00:00"]

1. e4 c6 2. Ne2 d5 3. e5 c5 4. d4 e6 5. c4 cxd4 6. Nxd4 Nc6 7. Nxc6 bxc6 8. Nc3 Ne7 9. Bg5 Qb6 10. Qb3 Ng6 11. Na4 Bb4+ 12. Ke2 Qb8 13. g3 Nxe5 14. cxd5 Ba6+ 15. Kd1 Bxf1 16. Rxf1 Qb5 17. Rh1 Nd3 18. Be3 Qxd5 19. Qxd5 cxd5 20. Ke2 Ne5 21. Bd4 Bd6 22. f4 Ng6 23. Bxg7 Rg8 24. Bc3 Kd7 25. Rac1 Rgc8 26. Bd2 Ne7 27. Be3 Nf5 28. Bf2 Rxc1 29. Rxc1 Rb8 30. b3 a6 31. Nb6+ Ke7 32. Rc8 Rxc8 33. Nxc8+ Kd7 34. Nb6+ Kc6 35. Na4 Be7 36. Kd3 Nd6 37. Bc5 Bf6 38. Bxd6 Kxd6 39. Nc3 Kc5 40. a3 Bd8 41. Ne2 f6 42. Nd4 Kd6 43. b4 e5 44. Nf5+ Ke6 45. Ne3 e4+ 46. Kd2 d4 47. Nc4 Kd5 48. Nb2 f5 49. a4 Be7 50. b5 Bb4+ 51. Ke2 d3+ 52. Nxd3 exd3+ 53. Kxd3 axb5 54. axb5 Kc5 55. h3 Kxb5 56. Kd4 Be1 57. g4 Bg3 58. gxf5 Bxf4 59. f6 Bh6 60. Ke5 Kc6 61. Ke6 Kc5 62. Kf7 Bg5 63. Kg7 1-0


[Site "https://www.chess.com"]

[Event "Titled Tuesday Blitz May 16 Early 2023"]
[White "Arat, Ufuk Sezen"]
[Black "Llanos, Guillermo"]
[WhiteFideId "6309089"]
[BlackFideId "100358"]
[WhiteElo "2289"]
[BlackElo "2225"]
[Result "0-1"]
[Round "02"]
[TimeControl "180+2"]
[Date "2023.05.16"]
[WhiteClock "0:00:08"]
[BlackClock "0:00:22"]

1. e4 Nf6 2. e5 Nd5 3. d4 d6 4. Nf3 Bg4 5. Be2 e6 6. exd6 cxd6 7. h3 Bh5 8. c4 Nb6 9. b3 Be7 10. Nc3 O-O 11. Bb2 d5 12. c5 Nc8 13. O-O Nc6 14. a3 Bf6 15. Nb1 Bxf3 16. Bxf3 N8e7 17. Nc3 Nxd4 18. b4 Nxf3+ 19. Qxf3 Nc6 20. Qe2 Ne5 21. Nb5 Nc4 22. Bxf6 Qxf6 23. Rfd1 a6 24. Nd4 Rac8 25. a4 Rfd8 26. Rd2 Nxd2 27. Qxd2 e5 28. Nb3 d4 29. Na5 Rd7 30. Nc4 Rcd8 31. b5 e4 32. Re1 Qe6 33. Nb6 Rc7 34. Qf4 Re7 35. bxa6 bxa6 36. Rc1 d3 37. Qd2 e3 38. fxe3 Qxe3+ 39. Qxe3 Rxe3 40. Kf2 Re2+ 41. Kf1 Rc2 42. Rd1 Rxc5 43. Kf2 d2 44. Ke2 Rc2 45. a5 g6 46. Na4 0-1


[Site "https://www.chess.com"]